 Dungeon Crawl Stone Soup version 0.30.0-29-ga12c61a403 (webtiles) character file.

Game seed: 10918393732582736507

3238 cdecastro the Grappler (level 9, -12/85 HPs)
             Began as a Ghoul Fighter on June 12, 2023.
             Was a Priest of Wu Jian.
             Killed from afar by a steam dragon (14 damage)
             ... with a ball of steam
             ... on level 8 of the Dungeon.
             The game lasted 00:13:36 (6711 turns).

cdecastro the Grappler (Ghoul Fighter)              Turns: 6711, Time: 00:13:36

Health: -12/85     AC: 16    Str: 24    XL:     9   Next: 99%
Magic:  8/8        EV:  7    Int:  3    God:    Wu Jian [***...]
Gold:   73         SH:  4    Dex:  8    Spells: 8/8 levels left

rFire   . .          .
                       - Unarmed
rCold   + . .        b - +0 buckler
rNeg    + + +        G - +0 plate armour
rPois   ∞            s - +1 helmet
rElec   .            g - +0 cloak
rCorr   .            (no gloves)
SInv    .            m - +0 pair of boots
Will    +....        (no amulet) Stlth
                     q - ring of flight
HPRegen 0.00/turn    B - ring of willpower
MPRegen 0.11/turn

%: no passive effects
@: flying, inhibited regen
A: claws 1, cold resistance 1, negative energy resistance 3, inhibited
regeneration, torment resistance 2, devour on kill
a: Renounce Religion, Wall Jump, Serpent's Lash


You were on level 8 of the Dungeon.
You worshipped Wu Jian.
Wu Jian was most pleased with you.
You visited 2 branches of the dungeon, and saw 9 of its levels.

You collected 321 gold pieces.
You spent 248 gold pieces at shops.

Inventory:

Missiles
 o - 11 boomerangs (quivered)
 t - 5 atropa-tipped darts
 z - 5 curare-tipped darts
 A - 14 poisoned darts
 F - a boomerang of dispersal
Armour
 b - a +0 buckler (worn)
 g - a +0 cloak (worn)
 m - a +0 pair of boots (worn)
 s - a +1 helmet (worn)
 G - a +0 plate armour (worn)
 N - a scarf of invisibility
 P - a +0 pair of gloves
Jewellery
 n - an amulet of faith
 q - a ring of flight (left claw)
 B - a ring of willpower (right claw)
 K - a +6 ring of intelligence
Wands
 a - a wand of flame (12)
 L - a wand of charming (11)
Scrolls
 d - 7 scrolls of blinking {unknown}
 f - 2 scrolls of magic mapping {unknown}
 h - 5 scrolls of immolation {unknown}
 i - 12 scrolls of teleportation {unknown}
 j - 2 scrolls of enchant armour {unknown}
 k - 2 scrolls of brand weapon {unknown}
 l - 5 scrolls of identify
 r - a scroll of amnesia {unknown}
 v - 4 scrolls of poison
 y - a scroll of silence {unknown}
 C - 4 scrolls of vulnerability {unknown}
 D - a scroll of enchant weapon {unknown}
 M - 2 scrolls of noise {unknown}
Potions
 c - 5 potions of might
 e - 5 potions of curing
 p - 2 potions of degeneration {unknown}
 u - a potion of invisibility {unknown}
 w - 2 potions of cancellation
 x - 3 potions of attraction
 E - a potion of heal wounds {unknown}
 H - 2 potions of flight
 I - a potion of resistance {unknown}
 J - a potion of lignification {unknown}
 O - a potion of haste {unknown}


   Skills:
 - Level 10.0 Fighting
 - Level 5.0 Armour
 + Level 3.2 Dodging
 - Level 2.6 Shields
 - Level 10.0 Unarmed Combat


You had 8 spell levels left.
You didn't know any spells.
Your spell library contained the following spells:

 Spells                   Type           Power      Damage    Failure   Level
 Foxfire                  Conj/Fire      0%         2x1d4     100%        1
 Shock                    Conj/Air       0%         1d3       100%        1
 Stone Arrow              Conj/Erth      0%         3d7       100%        3
 Swiftness                Air            0%         N/A       100%        3
 Airstrike                Air            0%         2d(0-16)  100%        4
 Animate Armour           Summ/Erth      0%         N/A       100%        4
 Cause Fear               Hex            0%         N/A       100%        4
 Fireball                 Conj/Fire      0%         3d3       100%        5
 Summon Forest            Summ/Tloc      0%         N/A       100%        5
 Summon Mana Viper        Hex/Summ       0%         N/A       100%        5
 Plasma Beam              Fire/Air       0%         2x1d11    100%        6
 Starburst                Conj/Fire      0%         6d3       100%        6
 Summon Cactus Giant      Summ           0%         N/A       100%        6
 Lehudib's Crystal Spear  Conj/Erth      0%         10d2      100%        8
 Dragon's Call            Summ           0%         N/A       100%        9
 Dragon Form              Tmut           Unusable   N/A       N/A         7

Dungeon Overview and Level Annotations

Branches:
Dungeon (8/15)             Temple (1/1) D:6
   Lair: D:8-11

Altars:
Ashenzari
Cheibriados
Dithmenos
Fedhas
Gozag
Hepliaklqana
Kikubaaqudgha
Makhleb
Nemelex Xobeh
Okawaru
Qazlal
Sif Muna
Trog
Uskayaw
Vehumet
Wu Jian
Xom
Yredelemnul

Shops:
D:2 ?   D:6 *

Annotations:
D:3 vault need fly


Innate Abilities, Weirdness & Mutations

You are immune to poison.
You have sharp fingernails.
Your flesh is cold resistant. (rC+)
You are immune to negative energy. (rN+++)
You do not regenerate when monsters are visible.
You are immune to unholy pain and torment.
You thrive by killing the living.


Message History

Unknown command.
Okay, then.
Unknown command.
Unknown command.
You barely miss the steam dragon.
The steam dragon is moderately wounded.
The steam dragon bites you but does no damage.
The steam dragon claws you but does no damage.
Unknown command.
You claw the steam dragon!
The steam dragon is severely wounded.
You hear a shout!
The steam dragon bites you but does no damage.
The steam dragon completely misses you.
Unknown command.
You claw the steam dragon!
The steam dragon is almost dead.
A gnoll comes into view.
It is wielding a +0 whip and quivering atropa-tipped darts.
The steam dragon bites you but does no damage.
The steam dragon claws you but does no damage.
Unknown command.
You scratch the steam dragon.
You kill the steam dragon!
The Council accepts your kill.
Your Dodging skill increases to level 3!
Unknown command.
The gnoll throws an atropa-tipped dart.
The atropa-tipped dart hits you!
You are unaffected.
The gnoll throws an atropa-tipped dart.
The atropa-tipped dart hits you!
You are unaffected.
The steam dragon breathes steam at you. The ball of steam hits you.
* * * LOW HITPOINT WARNING * * *
You are engulfed in a cloud of scalding steam.
The steam dragon breathes steam at you. The ball of steam hits you!
* * * LOW HITPOINT WARNING * * *
The steam dragon breathes steam at you. The ball of steam hits you!
You die...

#............####...............
#.......>.......#....g..........
##........##.>.......D..#........
#.........#####.....§...####.....
.........## ##...§....# ####..
..####...# #........## ##. ###
#...# #Y.§..#...# ## ##..##
#.§...##..## # #...# #@...###...#
# #..## ##...## ##..# # ##...##
##....# #..## ## ##.....##
##....######...# #.
##.......###.....###......#####.
##...............................
#....##........).............)...
....######......<................
...## ##......######......####


You could see an ice beast.

Vanquished Creatures
  Joseph (D:7)
  Sigmund (D:6)
  A wyvern (D:7)
  Eustachio (D:4)
  3 steam dragons (D:8)
  2 water moccasins (D:7)
  2 sky beasts
  A black bear (D:5)
  3 ogres
  A phantom (D:5)
  A kobold brigand (D:7)
  2 bullfrogs
  2 scorpions
  5 wights (D:7)
  A jelly (D:4)
  4 orc priests
  A hound (D:5)
  2 sleepcaps
  Terence (D:2)
  4 iguanas
  Ijyb (D:4)
  4 orc wizards
  Robin (D:4)
  4 gnolls (D:7)
  6 adders
  A shadow imp (D:6)
  2 white imps
  4 worms
  3 dart slugs
  18 orcs
  6 endoplasms
  2 giant cockroaches
  17 goblins
  10 hobgoblins
  A jackal (D:4)
  12 kobolds
  2 quokkas (D:1)
  9 ball pythons
  8 bats
  5 frilled lizards
  4 rats
159 creatures vanquished.

Vanquished Creatures (others)
  An orc priest (D:8)
  An orc wizard (D:3)
2 creatures vanquished.

Grand Total: 161 creatures vanquished

Notes
Turn   | Place    | Note
-------+----------+-------------------------------------------
     0 | D:1      | cdecastro the Ghoul Fighter began the quest for the Orb.
     0 | D:1      | Reached XP level 1. HP: 19/19 MP: 0/0
    87 | D:1      | Reached XP level 2. HP: 26/26 MP: 1/1
   785 | D:2      | Reached XP level 3. HP: 16/31 MP: 2/2
  1013 | D:2      | Reached XP level 4. HP: 38/38 MP: 3/3
  1024 | D:2      | You fall into a shaft and drop 1 floor!
  1270 | D:2      | Reached skill level 5 in Unarmed Combat
  1321 | D:2      | Found Joekojuf's Magic Scroll Emporium.
  1325 | D:2      | Bought a scroll of poison for 40 gold pieces
  1325 | D:2      | Bought a scroll of identify for 20 gold pieces
  1548 | D:2      | Noticed Terence
  1562 | D:2      | Killed Terence
  1563 | D:2      | Reached XP level 5. HP: 45/45 MP: 4/4
  1814 | D:2      | Bought a scroll of identify for 20 gold pieces
  1814 | D:2      | Bought a scroll of identify for 20 gold pieces
  1841 | D:3      | Found a faded altar of an unknown god.
  1866 | D:3      | Prayed at the altar of an unknown god.
  1866 | D:3      | Became a worshipper of the Wu Jian Council
  1866 | D:3      | Reached * piety under Wu Jian
  1883 | D:3      | Found an ancient bone altar of Kikubaaqudgha.
  2177 | D:3      | Found Zin's Purification Station.
  2363 | D:3      | Reached XP level 6. HP: 20/51 MP: 5/5
  2753 | D:4      | Noticed Robin
  2776 | D:4      | Reached ** piety under Wu Jian
  2874 | D:4      | Noticed Eustachio
  2899 | D:4      | Killed Eustachio
  2900 | D:4      | Reached XP level 7. HP: 45/57 MP: 6/6
  3095 | D:4      | Noticed Ijyb
  3106 | D:4      | Killed Ijyb
  3332 | D:4      | Killed Robin
  3821 | D:3      | Bought a potion of curing for 90 gold pieces
  3873 | D:5      | Entered Level 5 of the Dungeon
  3951 | D:5      | Reached XP level 8. HP: 59/63 MP: 7/7
  4062 | D:5      | Reached skill level 10 in Unarmed Combat
  4267 | D:5      | Found an iron altar of Okawaru.
  4273 | D:5      | Found a bloodstained altar of Trog.
  4282 | D:5      | Found a stormy altar of Qazlal.
  4323 | D:5      | Reached skill level 5 in Fighting
  4779 | D:6      | Found a staircase to the Ecumenical Temple.
  4842 | Temple   | Entered the Ecumenical Temple
  4931 | D:6      | Noticed Sigmund
  4954 | D:6      | Killed Sigmund
  5006 | D:6      | Found a broken altar of Ashenzari.
  5070 | D:6      | Found Tocesh's Specific Store.
  5072 | D:6      | Found Josiajali's General Store.
  5076 | D:6      | Bought a potion of attraction for 36 gold pieces
  5080 | D:6      | Bought a scroll of identify for 22 gold pieces
  5366 | D:7      | Reached XP level 9. HP: 57/81 MP: 8/8
  5576 | D:7      | Noticed Joseph
  5595 | D:7      | Killed Joseph
  5596 | D:7      | Reached skill level 10 in Fighting
  6538 | D:8      | Reached skill level 5 in Armour
  6542 | D:8      | Reached *** piety under Wu Jian
  6543 | D:8      | Reached skill level 1 in Dodging
  6703 | D:8      | HP: 2/85 [something/ball of steam (13)]
  6711 | D:8      | Killed from afar by a steam dragon

Illustrated notes

Levels and vault maps discovered:
D:1:      dpeg_arrival_radiant, layout_basic
D:2:      layout_basic, serial_shops, nicolae_shop_rolled_up,
          minmay_pentomino_z4, uniq_terence
D:3:      layout_basic, zin_purify, mainiacjoe_overflow_alcove_2,
          basic_ecumenical_altar, minivault_27, corexii_item_surrounded_by_moat
D:4:      layout_basic, minmay_quadrilaterals, uniq_eustachio, uniq_robin,
          uniq_ijyb
D:5:      layout_loops_ring, minmay_overflow_temple_star_quad
D:6:      layout_rooms, old_standard_altar,
          minmay_temple_entry_statues_fountains, nicolae_specific_store,
          uniq_sigmund
D:7:      layout_loops_ring, uniq_joseph
D:8:      kennysheep_ambush_hall, layout_layer_cave
Temple:   hellmonk_temple_two_chambers

Skill      XL: |  1  2  3  4  5  6  7  8  9 |
---------------+----------------------------+-----
Unarmed Combat | 3 4 5 6 8 9 10 | 10.0
Fighting       | 8 10 | 10.0
Armour         | 5 |  5.0
Dodging        | 3 |  3.2
Shields        | |  2.6

Action                     |  1- 3 |  4- 6 |  7- 9 || total
---------------------------+-------+-------+-------++-------
  Melee: Unarmed           |   119 |   200 |   282 ||   601
Ability: Lunge             |       |     8 |    14 ||    22
         Whirlwind         |       |     1 |     5 ||     6
    Use: Scroll            |       |     1 |     1 ||     2
 Armour: Scale mail        |    51 |    67 |       ||   118
         Chain mail        |       |     6 |    40 ||    46
         Plate armour      |       |       |    67 ||    67
         Skin              |       |       |     2 ||     2
  Dodge: Dodged            |    50 |    62 |    58 ||   170
  Block: Buckler           |    14 |    23 |    34 ||    71
